 Dungeon Crawl Stone Soup version 0.30.1-11-g7821555f0a (webtiles) character file.

Game seed: 100577861865074216

26241 Ijustatesigmund the Geomancer (level 13, 0/111 HPs)
             Began as a Gargoyle Earth Elementalist on Nov 15, 2023.
             Was a Believer of Vehumet.
             Slain by a vampire (9 damage)
             ... on level 13 of the Dungeon.
             The game lasted 00:40:16 (19939 turns).

Ijustatesigmund the Geomancer (GrEE)               Turns: 19939, Time: 00:40:16

Health: 0/111      AC: 19    Str: 12    XL:     13   Next: 24%
Magic:  24/26      EV: 11    Int: 21    God:    Vehumet [**....]
Gold:   325        SH:  5    Dex: 10    Spells: 22/31 levels left

rFire   . . .        b - +4 flail (heavy)
rCold   . . .        (no shield)
rNeg    + . .        a - +0 troll leather armour
rPois   ∞            D - +2 hat {SInv}
rElec   +            s - +0 cloak
rCorr   .            j - +1 pair of gloves
SInv    +            (no boots)
Will    .....        k - amulet of reflection Stlth
                     (no ring)
HPRegen 1.18/turn    (no ring)
MPRegen 0.20/turn

%: reflection
@: berserking, very quick
A: sickness immunity, AC +9, negative energy resistance 1, electricity
resistance, torment resistance 1, petrification resistance
a: Renounce Religion


You were on level 13 of the Dungeon.
You worshipped Vehumet.
Vehumet was pleased with you.
You visited 2 branches of the dungeon, and saw 14 of its levels.

You collected 639 gold pieces.
You spent 314 gold pieces at shops.

Inventory:

Hand Weapons
 b - a +4 heavy flail (weapon)
 d - a +0 morningstar
Missiles
 c - 4 throwing nets
Armour
 a - a +0 troll leather armour (worn)
 g - a +0 kite shield
 j - a +1 pair of gloves (worn)
 s - a +0 cloak (worn)
 D - a +2 hat of see invisible (worn)
Magical Staves
 t - a staff of conjuration
Jewellery
 k - an amulet of reflection (around neck)
 w - a ring of ice
 A - an amulet of the acrobat
 I - a ring of fire
Wands
 m - a wand of flame (28)
 F - a wand of light (4)
 K - a wand of digging (8)
 M - a wand of polymorph (4)
Scrolls
 h - 2 scrolls of teleportation
 i - a scroll of vulnerability {unknown}
 l - 4 scrolls of blinking
 n - a scroll of acquirement {unknown}
 o - 4 scrolls of fog
 q - 3 scrolls of summoning
 u - a scroll of torment
 v - 2 scrolls of amnesia
 x - a scroll of silence {unknown}
 y - a scroll of magic mapping {unknown}
 B - a scroll of poison {unknown}
 H - a scroll of enchant weapon {unknown}
 J - a scroll of enchant armour
 L - a scroll of noise {unknown}
Potions
 e - 2 potions of ambrosia
 f - 9 potions of curing
 r - a potion of lignification
 z - a potion of might
 C - 2 potions of flight
 E - a potion of cancellation
 G - 2 potions of attraction
 O - a potion of magic
 P - 2 potions of heal wounds {unknown}


   Skills:
 - Level 5.8 Fighting
 - Level 4.9 Maces & Flails
 - Level 2.0 Armour
 - Level 1.5 Dodging
 - Level 2.1 Stealth
 - Level 9.6 Spellcasting
 - Level 12.5 Conjurations
 + Level 2.5 Transmutations
 + Level 2.8 Fire Magic
 - Level 4.1 Air Magic
 - Level 12.6 Earth Magic
 - Level 4.2 Poison Magic
 - Level 1.6 Evocations


You had 22 spell levels left.
You knew the following spells:

 Your Spells              Type           Power      Damage    Failure   Level
a - Sandblast             Erth           100%       2d20      1%          1
b - Stone Arrow           Conj/Erth      100%       3d13      1%          3
c - Poisonous Vapours     Pois/Air       54%        N/A       2%          2
d - Ignite Poison         Fire/Tmut/Pois 23%        N/A       7%          3

Your spell library contained the following spells:

 Spells                   Type           Power      Damage    Failure   Level
 Passwall                 Tmut/Erth      35%        N/A       1%          2
 Dazzling Flash           Conj/Hex       72%        N/A       1%          3
 Petrify                  Tmut/Erth      42%        N/A       3%          4
 Sticky Flame             Conj/Fire      42%        2d6       3%          4
 Necrotise                Necr           40%        1d6       9%          1
 Summon Small Mammal      Summ           40%        N/A       9%          1
 Blink                    Tloc           20%        N/A       13%         2
 Call Canine Familiar     Summ           10%        N/A       26%         3
 Summon Guardian Golem    Hex/Summ       10%        N/A       26%         3
 Vampiric Draining        Necr           10%        2d6       26%         3
 Anguish                  Hex/Necr       5%         N/A       63%         4
 Cause Fear               Hex            5%         N/A       63%         4
 Dispel Undead            Necr           10%        3d9       63%         4
 Manifold Assault         Tloc           10%        N/A       63%         4
 Silence                  Hex/Air        9%         N/A       71%         5
 Agony                    Necr           10%        N/A       93%         5
 Death Channel            Necr           5%         N/A       100%        6
 Enfeeble                 Hex            5%         N/A       100%        7
 Storm Form               Tmut/Air       12%        N/A       100%        7
 Ignition                 Fire           11%        3d5       100%        8
 Cigotuvi's Dreadful Rot  Necr/Pois/Air  Unusable   N/A       N/A         2

Dungeon Overview and Level Annotations

Branches:
Dungeon (13/15)            Temple (1/1) D:4            Lair (0/5) D:9
    Orc (0/2) D:11
 Vaults: D:13-14

Altars:
Ashenzari
Cheibriados
Dithmenos
Elyvilon
Fedhas
Gozag
Hepliaklqana
Kikubaaqudgha
Makhleb
Nemelex Xobeh
Okawaru
Qazlal
Ru
Sif Muna
Trog
Uskayaw
Vehumet
Wu Jian
Xom
Yredelemnul
Zin
The Shining One

Shops:
D:5 (*   D:9 ?   D:11 ?


Innate Abilities, Weirdness & Mutations

You are immune to sickness and miasma.
Your stone body is resilient. (AC +9)
You are immune to poison.
You resist negative energy. (rN+)
You are resistant to electric shocks. (rElec)
You are resistant to unholy torment.
You are immune to petrification.


Message History

A centaur comes into view.
The centaur wields a +0 shortbow.
The centaur shoots an arrow.
The arrow hits you but does no damage.
The centaur shoots an arrow.
The arrow hits you.
* * * LOW HITPOINT WARNING * * *
The centaur wields a +0 shortbow.
The centaur shoots an arrow.
You block the arrow with an invisible shield... and reflect it back!
The arrow hits the centaur!
The centaur shoots an arrow.
The arrow hits you but does no damage.
The centaur warrior shoots an arrow.
The arrow hits you.
* * * LOW HITPOINT WARNING * * *
As you read the scroll of fear, it crumbles to dust.
You assume a fearsome visage.
The centaur warrior looks frightened!
The vampire is unaffected.
The centaur warrior looks frightened!
The centaur looks frightened! x4
A red film seems to cover your vision as you go berserk!
You feel yourself moving faster!
You feel mighty!
The vampire hits you but does no damage.
The vampire bites you!
* * * LOW HITPOINT WARNING * * *
You closely miss the vampire.
The vampire hits you but does no damage.
The vampire closely misses you.
The vampire gestures wildly while chanting.
The vampire flickers and vanishes for a moment.
You closely miss the vampire.
The vampire hits you but does no damage.
The vampire barely misses you.
You bludgeon the vampire!!
The vampire is heavily damaged.
The vampire hits you.
* * * LOW HITPOINT WARNING * * *
The vampire bites you.
* * * LOW HITPOINT WARNING * * *
You sock the vampire!
The vampire is almost destroyed.
The vampire hits you!
* * * LOW HITPOINT WARNING * * *
The vampire bites you!
You die...

.............##
.............#
...........###
...........#
........V###
.........####
.........##.#
..........#.###
..##......V@..# .
#......V..##
#..........#
...............
##.)............
#c.c............
..............###
..............#


You could see 2 vampires.

Vanquished Creatures
  Gastronok (D:8)
  An entropy weaver (shapeshifter) (D:9)
  A hydra (D:13)
  2 two-headed ogres
  A deep elf pyromancer (D:12)
  A manticore (D:8)
  2 ugly things
  2 cyclopes
  Joseph (D:8)
  3 kobold demonologists
  6 trolls
  A hornet (D:10)
  Sigmund (D:4)
  A shadow (D:11)
  7 slime creatures
  10 yaks
  A wyvern (D:7)
  2 steam dragons
  Edmund (D:4)
  Duvessa (D:6)
  7 water moccasins
  3 orc warriors
  An ice beast (D:6)
  5 black bears
  2 ogres
  5 centaurs
  A phantom (D:3)
  5 kobold brigands
  Blork the orc (D:6)
  5 gnoll sergeants
  A bullfrog (D:9)
  4 scorpions
  8 wights
  Dowan (D:6)
  9 killer bees
  4 howler monkeys
  2 gnoll boudas
  7 orc priests
  Crazy Yiuf (D:6)
  3 hounds
  4 iguanas
  Natasha (thrice) (D:4)
  2 sleepcaps
  13 orc wizards
  28 gnolls
  7 adders
  2 white imps
  An ufetubus (D:6)
  A worm (D:2)
  3 dart slugs
  39 orcs
  2 bats
  12 endoplasms
  10 giant cockroaches
  9 hobgoblins
  9 jackals
  10 kobolds
  6 quokkas
  3 training dummies (D:5)
  4 ball pythons
  5 frilled lizards
  7 goblins
  7 rats
308 creatures vanquished.

Vanquished Creatures (others)
  A kobold (D:13)
1 creature vanquished.

Grand Total: 309 creatures vanquished

Notes
Turn   | Place    | Note
-------+----------+-------------------------------------------
     0 | D:1      | Ijustatesigmund the Gargoyle Earth Elementalist began the
                  | quest for the Orb.
     0 | D:1      | Reached XP level 1. HP: 10/10 MP: 3/3
   135 | D:1      | Reached XP level 2. HP: 15/16 MP: 3/5
   136 | D:1      | Reached skill level 1 in Fighting
   522 | D:1      | Reached XP level 3. HP: 20/20 MP: 2/6
   526 | D:1      | Learned a level 3 spell: Stone Arrow
   697 | D:2      | Reached skill level 1 in Maces & Flails
   885 | D:2      | Found a blossoming altar of Fedhas.
   930 | D:2      | Reached XP level 4. HP: 25/25 MP: 8/8
  1876 | D:3      | Noticed a phantom
  1925 | D:3      | Killed a phantom
  1926 | D:3      | Reached skill level 5 in Earth Magic
  1926 | D:3      | Reached XP level 5. HP: 26/29 MP: 2/10
  2357 | D:4      | Noticed Edmund
  2370 | D:5      | Entered Level 5 of the Dungeon
  2545 | D:5      | Reached XP level 6. HP: 19/34 MP: 3/11
  2771 | D:5      | Found Laolaq's Firing Range.
  2815 | D:5      | Reached skill level 1 in Conjurations
  3523 | D:5      | Reached XP level 7. HP: 38/38 MP: 0/13
  4029 | D:5      | Found Boarawoj's General Store.
  4084 | D:5      | Bought a scroll of identify for 24 gold pieces
  4084 | D:5      | Bought a scroll of enchant armour for 90 gold pieces
  4414 | D:5      | Reached XP level 8. HP: 43/43 MP: 10/15
  4897 | D:6      | Reached skill level 5 in Conjurations
  5319 | D:6      | Reached skill level 5 in Spellcasting
  6372 | D:6      | Noticed Blork the orc
  6377 | D:6      | Killed Blork the orc
  6697 | D:6      | Reached XP level 9. HP: 48/48 MP: 10/17
  6902 | D:6      | Noticed Duvessa
  6902 | D:6      | Noticed Dowan
  6912 | D:6      | Killed Duvessa
  6921 | D:6      | Killed Dowan
  7096 | D:6      | Found a sparkling altar of Nemelex Xobeh.
  7283 | D:6      | Found a runed translucent door.
  7284 | D:6      | Noticed Crazy Yiuf
  7289 | D:6      | Killed Crazy Yiuf
  7586 | D:4      | Killed Edmund
  7765 | D:4      | Noticed Sigmund
  7767 | D:4      | Killed Sigmund
  8045 | D:4      | Found a glowing silver altar of Zin.
  8262 | D:4      | Noticed Natasha
  8265 | D:4      | Killed Natasha
  8376 | D:4      | Noticed Natasha
  8379 | D:4      | Killed Natasha
  8627 | D:4      | Found a staircase to the Ecumenical Temple.
  8640 | Temple   | Entered the Ecumenical Temple
  8830 | Temple   | Became a worshipper of Vehumet
  9038 | D:4      | Noticed Natasha
  9047 | D:4      | Killed Natasha
  9493 | D:7      | Found a blossoming altar of Fedhas.
 10359 | D:8      | Noticed Joseph
 10362 | D:8      | Killed Joseph
 10363 | D:8      | Reached XP level 10. HP: 57/57 MP: 9/19
 10996 | D:8      | Noticed a manticore
 10999 | D:8      | Killed a manticore
 11686 | D:8      | Noticed Gastronok
 11725 | D:8      | Killed Gastronok
 11726 | D:8      | Reached skill level 5 in Fighting
 12147 | D:9      | Noticed an entropy weaver
 12153 | D:9      | Killed an entropy weaver
 12154 | D:9      | Reached skill level 1 in Armour
 12154 | D:9      | Reached skill level 10 in Conjurations
 12184 | D:10     | Entered Level 10 of the Dungeon
 12258 | D:9      | Reached skill level 1 in Evocations
 12581 | D:9      | Reached * piety under Vehumet
 12581 | D:9      | Offered knowledge of Kiss of Death by Vehumet.
 12660 | D:9      | Reached XP level 11. HP: 60/64 MP: 14/21
 12723 | D:9      | Reached skill level 10 in Earth Magic
 13093 | D:9      | Found a staircase to the Lair.
 13341 | D:9      | Identified the +1 long sword "Kiviemp" {holy, rPois}
 13551 | D:9      | Found Uko Uwuu's Magic Scroll Shop.
 13881 | D:10     | Identified the +2 ring mail of Defiance {rPois Str+3 Int+3
                  | Stlth+}
 14779 | D:10     | Found a shimmering altar of Xom.
 14984 | D:10     | Noticed a two-headed ogre
 14990 | D:10     | Killed a two-headed ogre
 15140 | D:11     | Offered knowledge of Poisonous Vapours by Vehumet.
 15181 | D:11     | Found Kiukaf's Magic Scroll Shop.
 15190 | D:11     | Bought a scroll of teleportation for 48 gold pieces
 15190 | D:11     | Bought a scroll of summoning for 152 gold pieces
 15191 | D:11     | Reached XP level 12. HP: 69/69 MP: 23/25
 15195 | D:11     | Learned a level 2 spell: Poisonous Vapours
 15211 | D:11     | Reached ** piety under Vehumet
 15320 | D:11     | Reached skill level 1 in Air Magic
 15320 | D:11     | Reached skill level 1 in Poison Magic
 16179 | D:11     | Found a staircase to the Orcish Mines.
 17032 | D:12     | Noticed a two-headed ogre
 17043 | D:12     | Killed a two-headed ogre
 17044 | D:12     | Reached XP level 13. HP: 65/74 MP: 6/26
 18641 | D:12     | Learned a level 3 spell: Ignite Poison
 18713 | D:12     | Found a snail-covered altar of Cheibriados.
 18945 | D:13     | Reached skill level 1 in Transmutations
 18951 | D:13     | Reached skill level 1 in Fire Magic
 19939 | D:13     | Slain by a vampire

Illustrated notes

Levels and vault maps discovered:
D:1:      lemuel_arrival_behind_the_door_small, layout_basic,
          minmay_misc_feat_roman, minmay_tall_x
D:2:      layout_basic, basic_altar
D:3:      minmay_roachtagon, layout_rooms, chequers_serial_rivers_small_a
D:4:      layout_loops_corners, mainiacjoe_overflow_24_doors,
          minmay_temple_entry_nine_rooms, corner_web_ring, uniq_edmund,
          uniq_natasha, uniq_sigmund
D:5:      layout_basic, serial_shops, shop, nicolae_shop_firing_range
D:6:      layout_loops_ring, nemelex_dance_club_becter, uniq_duvessa,
          uniq_blork_the_orc, uniq_crazy_yiuf_cottage
D:7:      layout_loops_ring, lemuel_crystal_altar, minivault_10, minivault_27,
          st_stairs_13
D:8:      layout_loops_corners, uniq_gastronok, uniq_joseph
D:9:      layout_basic, due_lair_maze_entry_diamond, serial_shops,
          nicolae_lakefront_shop
D:10:     layout_loops_cross, lemuel_coloured_pillars_altar
D:11:     layout_small_grid, david_orc_3, serial_shops,
          nicolae_shop_hallway_plus
D:12:     layout_roguey, kennysheep_slug_shrine
D:13:     layout_cave_pools, elyvilon_altar_4
Temple:   nicolae_temple_bog_church

Skill      XL: |  1  2  3  4  5  6  7  8  9 10 11 12 13 |
---------------+----------------------------------------+-----
Fighting       | 1 2 4 5 |  5.8
Earth Magic    | 4 5 6 7 8 9 12 | 12.6
Maces & Flails | 1 2 3 4 |  4.9
Spellcasting   | 3 4 5 6 7 9 |  9.6
Conjurations   | 3 4 7 9 10 12 | 12.5
Armour         | 2 |  2.0
Evocations     | 1 |  1.6
Air Magic      | 3 4 |  4.1
Poison Magic   | 3 4 |  4.2
Transmutations | 2 |  2.5
Fire Magic     | 2 |  2.8
Dodging        | |  1.5
Stealth        | |  2.1

Action                     |  1- 3 |  4- 6 |  7- 9 | 10-12 | 13-15 || total
---------------------------+-------+-------+-------+-------+-------++-------
  Melee: Dagger            |    11 |       |       |       |       ||    11
         Whip              |    51 |    94 |    35 |       |       ||   180
         Punch             |       |     3 |       |     4 |       ||     7
         Flail             |       |       |    10 |   134 |    17 ||   161
   Cast: Sandblast         |    28 |    54 |     5 |     2 |       ||    89
         Stone Arrow       |       |    10 |   122 |   157 |    48 ||   337
         Poisonous Vapours |       |       |       |    12 |    14 ||    26
         Ignite Poison     |       |       |       |       |     5 ||     5
  Evoke: Wand              |       |       |       |     7 |     3 ||    10
    Use: Potion            |     1 |     2 |     2 |     1 |     3 ||     9
         Scroll            |       |     5 |     4 |     6 |     4 ||    19
   Stab: Sleeping          |     2 |     2 |       |       |       ||     4
         Distracted        |     1 |       |       |       |       ||     1
         Invisible         |       |       |       |     1 |       ||     1
 Armour: Robe              |    27 |    43 |    22 |    78 |       ||   170
         Skin              |       |       |     5 |       |       ||     5
         Troll leather arm |       |       |       |    51 |    37 ||    88
  Dodge: Dodged            |    43 |    71 |    21 |   150 |    19 ||   304
  Block: Other             |       |    11 |    11 |    76 |    15 ||   113
         Reflection        |       |       |       |     5 |     6 ||    11
